 Dungeon Crawl Stone Soup version 0.15.0-14-g6bbbb5c (webtiles) character file.

207032 Nebuchadnezzar the Impregnable (level 18, -2/129 HPs)
             Began as a Gargoyle Gladiator on Sept 3, 2014.
             Was a High Priest of Okawaru.
             Slain by the 27-headed Lernaean hydra (9 damage)
             ... on Level 4 of the Swamp on Sept 5, 2014.
             The game lasted 02:47:59 (41627 turns).

Nebuchadnezzar the Impregnable (GrGl)              Turns: 41627, Time: 02:47:59

HP  -2/129       AC 46     Str 28      XL: 18   Next: 74%
MP  31/31        EV  8     Int  9      God: Okawaru [*****.]
Gold 1372        SH  0     Dex 12      Spells:  0 memorised, 17 levels left

rFire  . . .     SeeInvis .     s - +0 quarterstaff
rCold  + . .     Clarity  +     r - +5 plate armour of the Albatross {Stlth++}
rNeg   + . .     rCorr    .     (no shield)
rPois  +         rRot     +     x - -1 helmet of Idez {+Inv rC+}
rElec  +         Spirit   .     v - +0 cloak
SustAb .         Warding  .     L - +2 pair of gloves {Str+3}
rMut   .         Rnd*Tele +     g - +0 pair of boots
Gourm  .                        F - amulet of clarity
MR     +....                    E - ring of teleportation
                                A - ring of regeneration

@: flying, very slightly contaminated, hasted, very quick, somewhat resistant to
hostile enchantments, extremely unstealthy
A: able to fly continuously, big wings, negative energy resistance 1,
electricity resistance, unbreathing, petrification resistance, rot immunity, AC
+13
a: Stop Flying, Heroism, Finesse, Renounce Religion, Evoke Invisibility, Evoke
Teleportation
}: 1/15 runes: gossamer


You were on level 4 of the Swamp.
You worshipped Okawaru.
Okawaru was extremely pleased with you.
You were not hungry.

You visited 6 branches of the dungeon, and saw 38 of its levels.

You collected 3577 gold pieces.
You spent 2205 gold pieces at shops.

Inventory:

Hand weapons
 a - the +3 lajatang "Demonslayer" {holy, MR++}
   (Okawaru gifted it to you on level 4 of the Spider Nest)

   It has been blessed by the Shining One to cause great damage to the undead
   and demons.
   It affects your resistance to hostile enchantments.
 l - a +5 longbow
 s - a +0 quarterstaff (weapon)
Missiles
 d - 7 throwing nets (quivered)
 t - 533 arrows
 D - 11 arrows of frost
 K - 5 poisoned arrows
Armour
 g - a +0 pair of boots (worn)
 r - the +5 plate armour of the Albatross (worn) {Stlth++}
   (You bought it in a shop on level 1 of the Orcish Mines)

   It makes you much more stealthy.
 v - a +0 cloak (worn)
 x - the -1 helmet of Idez (worn) {+Inv rC+}
   (Okawaru gifted it to you on level 2 of the Spider Nest)

   It protects you from cold.
   It lets you turn invisible.
 L - a +2 pair of gloves of strength (worn)
Magical devices
 b - a wand of fire (5)
 u - a wand of draining (0)
 z - a wand of cold (0)
 B - a wand of hasting (6)
 Q - a wand of fireball (5)
 S - a wand of digging (11)
 V - a wand of disintegration (9)
Comestibles
 f - 16 bread rations
 h - a meat ration
Scrolls
 e - 2 scrolls of fog
 n - 7 scrolls of recharging
 o - a scroll of fear
 w - 5 scrolls of identify
 y - 5 scrolls of remove curse
 W - a scroll of vulnerability
 Y - 2 scrolls of magic mapping
Jewellery
 i - a +3 ring of slaying
 k - an uncursed amulet of rage
 p - an uncursed ring of protection from magic
 A - a ring of regeneration (left hand)
 E - a ring of teleportation (right hand)
 F - an amulet of clarity (around neck)
 I - an uncursed ring of protection from fire
 J - an uncursed ring of magical power
 M - an uncursed ring of protection from fire
 P - an uncursed ring of protection from cold
 R - an uncursed ring of see invisible
 T - an uncursed amulet of resist corrosion
Potions
 c - 2 potions of cancellation
 j - 4 potions of resistance
 m - a potion of brilliance
 C - 4 potions of invisibility
 G - 3 potions of restore abilities
 H - 2 potions of agility
 N - 3 potions of berserk rage
 U - 5 potions of curing
Books
 O - a Necronomicon {highlevel, unknown}

   This book is beyond your current level of understanding.

   Spells                             Type                      Level
   Haunt                              Necromancy/Summoning         7
   Borgnjor's Revivification          Necromancy                   8
   Death's Door                       Charms/Necromancy            8
   Necromutation                      Transmutation/Necromancy     8


   Skills:
 * Level 20.1 Fighting
 - Level 16.0 Staves
 - Level 2.0 Throwing
 - Level 21.6 Armour
 - Level 2.4 Dodging
 - Level 10.1 Invocations


You had 17 spell levels left.
You didn't know any spells.

Dungeon Overview and Level Annotations

Branches:
Dungeon (15/15)            Temple (1/1) D:5             Orc (4/4) D:9
    Elf (0/3) Orc:4          Lair (8/8) D:11          Swamp (5/5) Lair:6
 Spider (5/5) Lair:3        Slime (0/6) Lair:7       Vaults (0/5) D:13
 Depths (0/5) D:15

Altars:
Ashenzari
Cheibriados
Dithmenos
Elyvilon
Fedhas
Kikubaaqudgha
Makhleb
Nemelex Xobeh
Okawaru
Qazlal
Sif Muna
Trog
Vehumet
Xom
Yredelemnul
Zin
The Shining One
Lugonu

Shops:
D:5 %   D:6 =(!%   D:13 }   Orc:1 *?*%   Orc:4 }(:%

Portals:
Trove: D:14 (give +4 storm dragon armour)

Annotations:
D:3 !orcs
Swamp:4 Lernaean hydra


Innate Abilities, Weirdness & Mutations

You are resistant to torment.
You are immune to poison.
You can fly continuously.
Your stone body is very resilient (AC +13).
Your wings are large and strong.
You resist negative energy.
You are resistant to electric shocks.
You can survive without breathing.
You are immune to petrification.
You are immune to rotting.


Message History

The alligator barely misses you.
The alligator tail-slaps you but does no damage.
Evoke which item? (* to show all) (? for menu, Esc to quit)
Zapping:
B - a wand of hasting {zapped: 2}
Press: ? - help, Shift-Dir - straight line, f - you You feel yourself speed up.
The spriggan rider hits you but does no damage.
The alligator closely misses you.
The alligator tail-slaps you but does no damage.
The spriggan rider hits you from afar with a runed spear!
* * * LOW HITPOINT WARNING * * *
The 27-headed Lernaean hydra bites you but does no damage.
The 27-headed Lernaean hydra barely misses you.
The 27-headed Lernaean hydra bites you but does no damage. x2
The 27-headed Lernaean hydra barely misses you.
The 27-headed Lernaean hydra bites you but does no damage. x3
The 27-headed Lernaean hydra bites you!
* * * LOW HITPOINT WARNING * * *
The 27-headed Lernaean hydra bites you!
You die...

♣..≈≈≈...≈.....
♣♣..≈..≈≈≈≈.≈..
♣≈.≈♣>≈≈≈≈≈≈...≈
≈.≈♣≈.♣≈≈≈≈≈≈≈.≈≈.
≈.≈♣...♣♣<≈≈≈.≈≈≈♣♣
≈♣♣♣♣♣♣♣♣(≈≈≈≈..≈♣
♣≈≈≈≈.♣≈.? ♣≈≈≈♣♣♣
♣♣@≈.♣♣ . ♣♣Dt≈..♣♣
♣≈≈ ♣♣♣i.i.≈≈≈♣♣ ≈.≈§.
♣♣...≈i≈≈≈≈≈♣
.....♣♣.≈≈≈...≈≈≈≈♣
≈≈.≈.≈...≈≈.♣≈♣...♣..♣
≈≈≈P≈≈...≈≈≈♣♣♣♣♣♣♣..♣
≈≈≈≈≈≈≈≈.≈§≈.♣..♣ ♣
≈≈≈≈.♣♣..(≈≈≈..♣ ≈≈≈


You could see the 27-headed Lernaean hydra, an alligator and 3 spriggan riders.

Vanquished Creatures
  Norris (Spider:2)
  The ghost of dartonias the Shatterer, a mighty OgBe of Trog (Swamp:5)
  Agnes (Swamp:2)
  Kirke (D:14)
  A thorn hunter (Swamp:5)
  An orc warlord (Orc:3)
  4 ghost moths
  6 emperor scorpions
  Azrael (D:14)
  An ettin (D:15)
  Snorg (Lair:3)
  A vault guard (D:13)
  Josephine (Orc:2)
  Harold (Orc:4)
  20 hydras
  3 shambling mangroves
  Erica (Lair:4)
  3 centaur warriors
  2 tengu warriors
  An orc high priest (Orc:4)
  3 alligators
  Urug (Orc:4)
  2 deep elf knights
  Erolcha (D:12)
  16 orb spiders
  A hill giant (D:13)
  8 swamp dragons (Swamp:5)
  3 unseen horrors
  Pikel (D:5)
  40 wolf spiders
  A griffon (D:13)
  8 orc sorcerers
  A wizard (D:14)
  3 cyclopes
  A sixfirhy (D:15)
  8 red wasps
  2 manticores
  3 moths of wrath
  9 ugly things
  38 elephants
  A molten gargoyle (Lair:6)
  3 gargoyles
  13 black mambas
  A torpor snail (Spider:3)
  A kobold demonologist (D:15)
  An efreet (D:14)
  Psyche (Orc:4)
  10 spiny frogs
  A feature mimic (Orc:4)
  16 demonic crawlers
  4 komodo dragons
  A yaktaur (D:15)
  33 jumping spiders
  A tengu conjurer (D:15)
  6 polar bears
  3 two-headed ogres
  A hydra zombie (D:10)
  A blue devil (Orc:4)
  6 trolls
  A deep elf priest (D:15)
  A merfolk (D:11)
  Sonja (D:12)
  A spriggan druid (Lair:8)
  A hydra skeleton (D:14)
  4 giant leeches
  Prince Ribbit (Orc:1)
  11 blink frogs
  A boulder beetle (Spider:3)
  14 slime creatures
  12 bog bodies
  13 ravens
  26 trapdoor spiders
  2 wyverns
  77 redbacks
  A ynoxinul (Orc:4)
  3 basilisks
  17 spriggans
  3 deep elf magi
  5 hogs
  29 tarantellas
  3 fire elementals
  A vampire (D:14)
  7 vampire mosquitoes
  2 steam dragons
  9 hippogriffs
  5 wraiths
  11 swamp worms
  25 yaks
  A hill giant skeleton (D:11)
  3 hungry ghosts
  4 wargs
  36 wolves
  9 porcupines
  A hell hound (D:15)
  23 spiders
  A manticore zombie (D:14)
  2 mottled dragons
  5 yellow wasps
  8 black bears
  30 water moccasins
  34 orc warriors
  14 centaurs
  4 sky beasts
  10 ogres
  A necrophage (D:9)
  10 swamp drakes
  A boring beetle (Spider:2)
  19 giant frogs
  16 crocodiles
  Blork the orc (Orc:1)
  2 big kobolds
  5 insubstantial wisps (Swamp:5)
  An eye of draining (D:14)
  12 killer bees
  8 scorpions
  2 warg zombies
  A hippogriff zombie (D:12)
  A troll skeleton (D:11)
  A hippogriff skeleton (D:7)
  A quasit (D:9)
  2 electric eels (Spider:1)
  11 crimson imps
  6 jellies
  2 goliath beetles
  A centaur skeleton (D:11)
  12 hounds
  5 orange rats (Lair:5)
  44 orc priests
  A basilisk skeleton (D:13)
  42 orc wizards
  7 iguanas
  9 worker ants
  30 sheep
  Ijyb (D:4)
  Jessica (D:2)
  6 gnolls
  51 green rats
  26 adders
  3 shadow imps
  2 giant geckos
  4 oozes
  206 orcs
  8 bats
  A bat skeleton (D:6)
  A bat zombie (D:6)
  5 giant cockroaches
  19 hobgoblins
  10 jackals
  9 quokkas
  5 giant newts
  22 goblins
  A goblin zombie (Orc:2)
  18 kobolds
  4 orc skeletons
  11 orc zombies
  A quokka zombie (D:6)
  13 rats
  A rat skeleton (D:6)
  2 ballistomycetes (D:6)
  4 fungi
  A plant (Lair:7)
1468 creatures vanquished.

Vanquished Creatures (collateral kills)
  An elephant (Lair:7)
  2 yaks (Lair:7)
  A crocodile (Lair:7)
4 creatures vanquished.

Vanquished Creatures (others)
  A hydra (Swamp:5)
  A tengu conjurer (D:15)
  A bog body (Swamp:5)
  A hog (D:15)
  2 yaks (Lair:7)
  A giant frog (Lair:7)
  A worker ant (D:11)
  3 orcs
  3 jackals (D:5)
  A giant spore (D:6)
  A briar patch (Swamp:5)
  A bush (Swamp:5)
  40 fungi
  23 plants
80 creatures vanquished.

Grand Total: 1552 creatures vanquished

Notes
Turn   | Place    | Note
--------------------------------------------------------------
     0 | D:1      | Nebuchadnezzar, the Gargoyle Gladiator, began the quest for the Orb.
     0 | D:1      | Reached XP level 1. HP: 12/12 MP: 1/1
    91 | D:1      | Reached XP level 2. HP: 12/17 MP: 2/2
   640 | D:2      | Reached skill level 4 in Staves
   640 | D:2      | Reached XP level 3. HP: 11/21 MP: 3/3
   856 | D:2      | Noticed Jessica
   868 | D:2      | Killed Jessica
   913 | D:2      | Reached XP level 4. HP: 16/26 MP: 4/4
  1098 | D:2      | Reached skill level 5 in Staves
  1885 | D:3      | HP: 1/26 [something/magic dart (4)]
  2199 | D:3      | Reached XP level 5. HP: 19/30 MP: 5/5
  2312 | D:3      | You fall through a shaft for 2 floors!
  2312 | D:5      | Entered Level 5 of the Dungeon
  2341 | D:5      | Found a staircase to the Ecumenical Temple.
  2385 | D:5      | Reached skill level 6 in Staves
  2409 | Temple   | Entered the Ecumenical Temple
  2426 | Temple   | Became a worshipper of Warmaster Okawaru
  2488 | D:5      | Found Psaprae's Food Emporium.
  2761 | D:3      | Noticed an orc warrior
  2944 | D:4      | Found a basalt altar of Yredelemnul.
  2947 | D:4      | Found a blossoming altar of Fedhas.
  2950 | D:4      | Found a shattered altar of Ashenzari.
  2953 | D:4      | Found a glowing golden altar of the Shining One.
  3018 | D:4      | Reached XP level 6. HP: 25/35 MP: 6/6
  3158 | D:4      | Found a blossoming altar of Fedhas.
  3408 | D:4      | Reached skill level 7 in Staves
  3420 | D:4      | Acquired Okawaru's first power
  3447 | D:4      | Noticed Ijyb
  3458 | D:4      | Found a shimmering altar of Xom.
  3471 | D:4      | Killed Ijyb
  3645 | D:5      | Noticed a centaur
  3661 | D:5      | Killed a centaur
  3661 | D:5      | Reached XP level 7. HP: 38/40 MP: 7/7
  3730 | D:5      | Noticed a centaur
  3742 | D:5      | Killed a centaur
  3742 | D:5      | Reached skill level 8 in Staves
  3760 | D:5      | Noticed a slave
  3761 | D:5      | Noticed Pikel
  3761 | D:5      | Noticed a slave
  3761 | D:5      | Noticed a slave
  3789 | D:5      | Killed Pikel
  3789 | D:5      | Reached skill level 9 in Staves
  3789 | D:5      | Reached skill level 1 in Invocations
  3789 | D:5      | Reached XP level 8. HP: 44/44 MP: 7/10
  3806 | D:5      | Noticed a freed slave
  3866 | D:5      | Noticed an ogre
  3877 | D:5      | Killed an ogre
  4288 | D:6      | Reached skill level 10 in Staves
  4339 | D:6      | Reached skill level 1 in Armour
  4403 | D:6      | Found Uduh's Jewellery Emporium.
  4656 | D:6      | Found Ehirukha's Distillery.
  4783 | D:6      | Reached XP level 9. HP: 48/48 MP: 13/15
  4980 | D:6      | Found Darroad's Food Boutique.
  5136 | D:6      | Found Boxteo's Weapon Emporium.
  5158 | D:6      | Reached skill level 5 in Armour
  5672 | D:7      | Found a sparkling altar of Nemelex Xobeh.
  5778 | D:7      | Reached skill level 5 in Invocations
  6262 | D:7      | Found a burning altar of Makhleb.
  7541 | D:9      | Reached XP level 10. HP: 53/53 MP: 19/19
  7601 | D:9      | HP: 2/53 [orc priest/divine providence (13)]
  7939 | D:9      | Found a glowing silver altar of Zin.
  7994 | D:9      | Found a staircase to the Orcish Mines.
  8140 | D:9      | Got an ichor-stained plate armour
  8162 | D:9      | Identified the +1 plate armour of the Prince {+Fly rElec} (You found it on level 9 of the Dungeon)
  8391 | D:10     | Entered Level 10 of the Dungeon
  8420 | D:9      | Reached skill level 10 in Armour
  8620 | D:10     | Acquired Okawaru's second power
  8718 | D:10     | Reached skill level 11 in Armour
  8926 | D:10     | Received a gift from Okawaru
  9088 | D:10     | Reached skill level 12 in Armour
  9304 | D:11     | Noticed a white ugly thing
  9353 | D:11     | Killed a white ugly thing
  9353 | D:11     | Received a gift from Okawaru
  9353 | D:11     | Reached XP level 11. HP: 14/61 MP: 15/21
  9362 | D:11     | Got a fine ring mail {god gift}
  9373 | D:11     | Identified the -3 ring mail of the Lily {Str+3 Dex+2 Int+3} (Okawaru gifted it to you on level 11 of the Dungeon)
  9572 | D:11     | Found a staircase to the Lair.
  9762 | D:11     | Reached skill level 5 in Fighting
  9900 | D:11     | Found a white marble altar of Elyvilon.
 10607 | Lair:1   | Entered Level 1 of the Lair of Beasts
 11319 | Lair:1   | Received a gift from Okawaru
 12006 | Lair:1   | Reached skill level 10 in Fighting
 12151 | Lair:1   | Reached XP level 12. HP: 67/79 MP: 24/24
 12222 | Lair:1   | Received a gift from Okawaru
 13468 | Lair:3   | Found a hole to the Spider Nest.
 13740 | Lair:3   | Noticed Snorg
 13766 | Lair:3   | Killed Snorg
 14244 | Lair:4   | Noticed Erica
 14264 | Lair:4   | Killed Erica
 14264 | Lair:4   | Received a gift from Okawaru
 15087 | Lair:5   | Upgraded the game from 0.15.0-13-gb296d5c to 0.15.0-14-g6bbbb5c
 15507 | Lair:5   | Reached XP level 13. HP: 82/84 MP: 26/26
 15575 | Lair:5   | Reached skill level 13 in Staves
 15602 | Lair:5   | Noticed a six-headed hydra
 15624 | Lair:5   | Killed a six-headed hydra
 16052 | Lair:5   | Received a gift from Okawaru
 16053 | Lair:5   | Got an encrusted buckler {god gift}
 16110 | Lair:5   | Reached skill level 14 in Staves
 16827 | Lair:6   | Found a staircase to the Swamp.
 17853 | Lair:7   | Found a staircase to the Slime Pits.
 18094 | Lair:7   | Reached skill level 10 in Invocations
 18278 | Lair:7   | Reached skill level 15 in Staves
 18595 | Lair:7   | Received a gift from Okawaru
 18598 | Lair:7   | Got a brightly glowing executioner's axe {god gift}
 18608 | Lair:7   | Identified the +6 executioner's axe of Insomnia {venom, rElec rN+ MR++} (Okawaru gifted it to you on level 7 of the Lair of Beasts)
 18646 | Lair:7   | Gained mutation: Your wings are large and strong. [gargoyle growth]
 18646 | Lair:7   | Reached XP level 14. HP: 85/90 MP: 27/27
 19147 | Lair:7   | Reached skill level 16 in Staves
 19218 | Lair:8   | Entered Level 8 of the Lair of Beasts
 19540 | Lair:8   | Received a gift from Okawaru
 19683 | Lair:8   | Received a gift from Okawaru
 21497 | Lair:8   | Reached skill level 15 in Armour
 21878 | D:12     | Noticed Sonja
 21902 | D:12     | Killed Sonja
 22684 | D:12     | Noticed Erolcha
 22812 | D:12     | Killed Erolcha
 22963 | D:13     | Found Feeppatene's Gadget Shop.
 23052 | D:13     | Reached XP level 15. HP: 64/94 MP: 28/28
 23266 | D:13     | Received a gift from Okawaru
 23695 | D:13     | Found a gate to the Vaults.
 24220 | D:14     | Found a portal to a secret trove of treasure.
 24268 | D:14     | Received a gift from Okawaru
 24328 | D:14     | Reached skill level 17 in Armour
 24564 | D:14     | Noticed Azrael
 24582 | D:15     | Entered Level 15 of the Dungeon
 24846 | D:14     | Killed Azrael
 25319 | D:15     | Noticed Kirke
 25348 | D:14     | Noticed a sphinx
 25618 | D:14     | Noticed a sphinx
 25620 | D:14     | Killed Kirke
 26023 | D:15     | Reached skill level 18 in Armour
 26187 | D:15     | Found a staircase to the Depths.
 26307 | D:15     | Received a gift from Okawaru
 26991 | Orc:1    | Entered Level 1 of the Orcish Mines
 27052 | Orc:1    | Noticed Prince Ribbit
 27052 | Orc:1    | Noticed Blork the orc
 27059 | Orc:1    | Killed Blork the orc
 27066 | Orc:1    | Killed Prince Ribbit
 27106 | Orc:1    | Found Thij's Magic Scroll Boutique.
 27149 | Orc:1    | Bought a scroll of magic mapping for 52 gold pieces
 27149 | Orc:1    | Bought a scroll of identify for 30 gold pieces
 27219 | Orc:2    | Noticed Josephine
 27336 | Orc:2    | Killed Josephine
 27482 | Orc:1    | Found Tueduzi's General Store.
 27665 | Orc:3    | Found an iron altar of Okawaru.
 28519 | Orc:1    | Found Mnuosiod's General Store.
 28592 | Orc:1    | Found Ohiott's Food Shoppe.
 28940 | Orc:4    | Entered Level 4 of the Orcish Mines
 28972 | Orc:4    | Noticed Psyche
 28979 | Orc:4    | Paralysed by Psyche for 2 turns
 28982 | Orc:4    | Killed Psyche
 29362 | Orc:4    | Reached XP level 16. HP: 87/100 MP: 29/29
 29423 | Orc:4    | Received a gift from Okawaru
 29679 | Orc:4    | Noticed Harold
 29760 | Orc:4    | Killed Harold
 29760 | Orc:4    | Reached skill level 19 in Armour
 29796 | Orc:4    | Found Kahyal's Gadget Emporium.
 29848 | Orc:4    | Found a staircase to the Elven Halls.
 30476 | Orc:4    | Found Vifen's Antique Weapon Shop.
 30476 | Orc:4    | Found Mnuofienn's Food Boutique.
 30476 | Orc:4    | Found Shroreuf's Book Shop.
 30479 | Orc:4    | Found Zaagg's Magic Scroll Boutique.
 30482 | Orc:4    | Zaagg's Magic Scroll Boutique was a mimic.
 30595 | Orc:4    | Noticed Urug
 30615 | Orc:4    | Killed Urug
 31369 | Spider:1 | Entered Level 1 of the Spider Nest
 32086 | Spider:3 | Reached skill level 20 in Armour
 32296 | Spider:3 | Got a distressingly furry ring mail
 32343 | Spider:3 | Identified the +3 ring mail "Threusch" {MR++ Str+2} (You found it on level 3 of the Spider Nest)
 32432 | Spider:5 | Entered Level 5 of the Spider Nest
 33260 | Spider:5 | Received a gift from Okawaru
 33456 | Spider:5 | Reached skill level 21 in Armour
 33878 | Spider:5 | Reached XP level 17. HP: 71/104 MP: 0/30
 34268 | Spider:5 | Received a gift from Okawaru
 35351 | Spider:5 | Got a gossamer rune of Zot
 36300 | Spider:4 | Received a gift from Okawaru
 36312 | Spider:4 | Got a steaming lajatang {god gift}
 36313 | Spider:4 | Identified the +3 lajatang "Demonslayer" {holy, MR++} (Okawaru gifted it to you on level 4 of the Spider Nest)
 37394 | Spider:2 | Received a gift from Okawaru
 37418 | Spider:2 | Reached skill level 15 in Fighting
 37673 | Spider:2 | Noticed Norris
 37700 | Spider:2 | Killed Norris
 38384 | Spider:2 | Received a gift from Okawaru
 38384 | Spider:2 | Reached XP level 18. HP: 111/119 MP: 31/31
 38387 | Spider:2 | Got an encrusted helmet {god gift}
 38398 | Spider:2 | Identified the -1 helmet of Idez {+Inv rC+} (Okawaru gifted it to you on level 2 of the Spider Nest)
 38925 | Orc:4    | Bought a manual of Fighting for 1214 gold pieces
 39135 | Orc:1    | Bought the +5 plate armour of the Albatross {Stlth++} for 909 gold pieces
 39434 | Swamp:1  | Entered Level 1 of the Swamp
 39914 | Swamp:2  | Noticed Agnes
 39933 | Swamp:2  | Killed Agnes
 40280 | Swamp:5  | Entered Level 5 of the Swamp
 40378 | Swamp:5  | Noticed dartonias' ghost (mighty OgBe)
 40463 | Swamp:5  | Killed dartonias' ghost
 40851 | Swamp:5  | Noticed the 27-headed Lernaean hydra
 40899 | Swamp:5  | HP: 3/128 [thorn hunter/volley of thorns (20)]
 40912 | Swamp:5  | HP: 1/128 [bog body/bolt of cold (8)]
 41627 | Swamp:4  | Slain by the 27-headed Lernaean hydra

Action                   |  1- 3 |  4- 6 |  7- 9 | 10-12 | 13-15 | 16-18 || total
-------------------------+-------+-------+-------+-------+-------+-------++-------
Melee: Quarterstaff      |    76 |   203 |   529 |  1551 |  2436 |   212 ||  5007
       Executioner's axe |       |       |       |       |    34 |       ||    34
       Unarmed           |       |       |       |       |    23 |       ||    23
       Lajatang          |       |       |       |       |   713 |  2409 ||  3122
 Fire: Shortbow          |       |       |       |    56 |    11 |       ||    67
       Longbow           |       |       |       |       |       |    19 ||    19
Throw: Throwing net      |       |     1 |     2 |       |       |       ||     3
Invok: Heroism           |       |     1 |     2 |     2 |     7 |    14 ||    26
       Finesse           |       |       |       |     1 |     1 |     3 ||     5
 Abil: Fly               |       |       |       |       |     1 |     3 ||     4
       Evoke Teleportati |       |       |       |       |       |     1 ||     1
Evoke: Wand              |       |     1 |       |     5 |     5 |    16 ||    27
  Use: Scroll            |     7 |     5 |     6 |    10 |    13 |    10 ||    51
       Potion            |       |     2 |       |     4 |     2 |     6 ||    14
 Stab: Invisible         |       |       |       |     4 |     1 |       ||     5
       Distracted        |       |       |       |       |     1 |       ||     1
       Fleeing           |       |       |       |       |     1 |       ||     1
  Eat: Chunk             |       |     6 |    11 |    20 |    36 |    24 ||    97
       Fruit             |       |     3 |       |     3 |     5 |     8 ||    19
       Pizza             |       |       |     1 |       |       |     2 ||     3
       Beef jerky        |       |       |     2 |     2 |     3 |       ||     7
       Meat ration       |       |       |       |     1 |     4 |     4 ||     9
       Royal jelly       |       |       |       |     1 |       |     1 ||     2
